 Dungeon Crawl Stone Soup version 0.17.1-3-g152610e (webtiles) character file.

4184 azaza322 the Covert (level 10, -2/67 HPs)
             Began as an Octopode Assassin on Apr 2, 2016.
             Was an Elder of Okawaru.
             Slain by a yak (11 damage)
             ... on level 8 of the Dungeon.
             The game lasted 00:29:29 (7206 turns).

azaza322 the Covert (Octopode Assassin)             Turns: 7206, Time: 00:29:29

Health: -2/67      AC:  4    Str: 11    XL:     10   Next: 29%
Magic:  0/10       EV: 14    Int: 13    God:    Okawaru [****..]
Gold:   427        SH:  9    Dex: 17    Spells: 0 memorised, 9 levels left

rFire  . . .     SeeInvis +     G - +4 dagger (speed)
rCold  + . .     Clarity  .     q - +0 shield
rNeg   . . .     SustAt   .     p - +0 hat
rPois  .         Gourm    .     n - amulet of guardian spirit
rElec  .         Spirit   +     l - +5 ring of slaying
rCorr  .         Warding  .     o - ring of see invisible
rMut   .         Stasis   .     E - ring of protection from cold
MR     +....                    I - ring of protection from magic (curse)
Stlth  +++++++...               O - +3 ring of protection
                                (no ring)
                                (no ring)
                                (no ring)

@: somewhat resistant to hostile enchantments, extremely stealthy
A: almost no armour, amphibious, 8 rings, constrict 8, camouflage 1, gelatinous
body 1
a: Heroism, Renounce Religion


You were on level 8 of the Dungeon.
You worshipped Okawaru.
Okawaru was greatly pleased with you.
You were hungry.

You visited 1 branch of the dungeon, and saw 11 of its levels.

You collected 427 gold pieces.

Inventory:

Hand Weapons
 b - a +0 blowgun
 G - a +4 dagger of speed (weapon)
 Q - a +0 dagger
 R - a +0 blowgun
Missiles
 c - 24 poisoned needles
 d - 2 curare-tipped needles
Armour
 p - a +0 hat (worn)
 q - a +0 shield (worn)
Jewellery
 l - a +5 ring of slaying (left tentacle)
 n - an amulet of guardian spirit (around mantle)
 o - a ring of see invisible (right tentacle)
 E - a ring of protection from cold (on tentacle)
 I - a cursed ring of protection from magic (on tentacle)
 O - a +3 ring of protection (on tentacle)
Wands
 a - a wand of lightning (11)
 x - a wand of draining (12)
 D - a wand of teleportation (3)
Scrolls
 f - 8 scrolls of identify
 i - a scroll of blinking
 m - a scroll of recharging {unknown}
 t - a scroll of immolation
 v - 2 scrolls of remove curse
 w - a scroll of fear {unknown}
 A - 2 scrolls of enchant weapon {unknown}
 C - 2 scrolls of magic mapping
 F - 4 scrolls of teleportation {unknown}
 H - 3 scrolls of amnesia {unknown}
 K - a scroll of enchant armour {unknown}
Potions
 g - a potion of heal wounds {unknown}
 j - a potion of degeneration {unknown}
 s - 3 potions of lignification
 u - 3 potions of haste
 B - 3 potions of flight
Books
 r - a book of Battle

   Spells                             Type                      Level
   a - Infusion                       Charms                       1
   b - Shroud of Golubria             Charms/Translocation         2
   c - Song of Slaying                Charms                       2
   d - Spectral Weapon                Hexes/Charms                 3
   e - Regeneration                   Charms/Necromancy            3
 y - a book of Changes

   Spells                             Type                      Level
   a - Beastly Appendage              Transmutation                1
   b - Sticks to Snakes               Transmutation                2
   c - Spider Form                    Transmutation/Poison         3
   d - Ice Form                       Ice/Transmutation            4
   e - Blade Hands                    Transmutation                5
 L - a book of Clouds

   Spells                             Type                      Level
   a - Mephitic Cloud                 Conjuration/Poison/Air       3
   b - Conjure Flame                  Conjuration/Fire             3
   c - Poisonous Cloud                Conjuration/Poison/Air       6
   d - Freezing Cloud                 Conjuration/Ice/Air          6
   e - Ring of Flames                 Charms/Fire                  7
 M - Sif Muna's Disquisition on Glamour
   (You found it on level 7 of the Dungeon)

   Spells                             Type                      Level
   a - Corona                         Hexes                        1
 N - a Grand Grimoire

   Spells                             Type                      Level
   a - Monstrous Menagerie            Summoning                    6
   b - Summon Greater Demon           Summoning                    7
   c - Malign Gateway                 Summoning/Translocation      7
   d - Summon Horrible Things         Summoning                    8
 P - a book of Death

   Spells                             Type                      Level
   a - Corpse Rot                     Necromancy                   2
   b - Sublimation of Blood           Necromancy                   2
   c - Agony                          Necromancy                   5
   d - Dispel Undead                  Necromancy                   5
   e - Excruciating Wounds            Charms/Necromancy            5
   f - Bolt of Draining               Conjuration/Necromancy       5
Miscellaneous
 S - a fan of gales
Comestibles
 e - 7 bread rations
 h - 5 meat rations
 k - 2 beef jerkies
 z - a slice of pizza
 J - 3 fruits
 T - a chunk of flesh


   Skills:
 + Level 5.6 Fighting
 + Level 6.0 Short Blades
 - Level 2.0 Throwing
 + Level 6.7 Dodging
 + Level 13.5 Stealth
 + Level 4.4 Shields
 + Level 0.2 Evocations


You had 9 spell levels left.
You didn't know any spells.

Dungeon Overview and Level Annotations

Branches:
Dungeon (11/15)            Temple (0/1) D:5            Lair (0/8) D:11
    Orc: D:9-12

Altars:
Ashenzari
Cheibriados
Fedhas
Makhleb
Okawaru
Qazlal
Ru
Sif Muna
Yredelemnul
The Shining One

Shops:
D:6 (   D:7 [*[

Annotations:
D:4 Dowan, Duvessa


Innate Abilities, Weirdness & Mutations

You cannot wear most types of armour.
You are amphibious.
You can wear up to eight rings at the same time.
You can use your tentacles to constrict eight enemies at once.
Your skin changes colour to match your surroundings (Stealth).
Your rubbery body absorbs attacks (AC +1).


Message History

The yak gores you.
* * * LOW HITPOINT WARNING * * *
You see here 11 gold pieces.
You block the yak's attack.
There is a stone staircase leading up here.
The yak gores you.
* * * LOW HITPOINT WARNING * * *
You climb upwards.
There is a stone staircase leading down here.
You hit the yak.
The yak is lightly wounded.
You hit the yak.
The yak is moderately wounded.
The yak barely misses you.
You puncture the yak! You squeeze the yak!
The yak is severely wounded.
You hit the yak but do no damage.
The yak is severely wounded.
The yak gores you!
You die...

.......########.#.##
#.#
..###..........###.##
#.###
.........####.## ##.#
#...# ###.####.#
##.###.## ###.# # #.#
#.# #....## #.# # #.#
#.# #..#..# #.# # #.#
#.# #.###.# ####.# #
#.# #.# #..#Y.#
#....# ###[####.##
#.<@..# #.####
..........# #.###.#
#.# #####.##..# #.#
#.# #.# #.##..#
##.###.# #.# #.##.)#
#......# #.# #.##..#
#..###.# #.# #.##..#
#..# #.# #.#
#####.##..###..###)#
#.#
...................#
#.#


You could see a yak.

Vanquished Creatures
  The ghost of Shenda the Chopper, a novice MiGl of Qazlal (D:6)
  A spriggan (D:7)
  Sigmund (D:5)
  A hippogriff (D:8)
  3 yaks (D:9)
  3 black bears
  An orc warrior (D:8)
  An ice beast (D:6)
  An ogre (D:5)
  3 phantoms
  4 centaurs
  A big kobold (D:11)
  The ghost of juanjsm the Sneak, an amateur SpEn (D:3)
  A giant frog (D:8)
  4 wights (D:9)
  2 crimson imps (D:5)
  2 jellies
  Crazy Yiuf (D:5)
  A centaur zombie (D:8)
  8 orc priests
  2 hounds
  2 centaur skeletons
  A giant frog skeleton (D:6)
  4 orc wizards
  2 iguanas (D:8)
  5 worker ants
  2 worker ant zombies
  7 adders
  A gnoll (D:2)
  An ooze (D:3)
  2 adder zombies
  7 worms
  23 orcs
  7 bats
  4 goblins
  5 hobgoblins
  3 ball pythons
  6 giant cockroaches
  3 giant geckos
  4 giant newts
  2 goblin skeletons (D:5)
  2 goblin zombies (D:5)
  4 hobgoblin zombies (D:5)
  8 jackals
  13 kobolds
  A kobold skeleton (D:5)
  An orc skeleton (D:5)
  An orc zombie (D:5)
  3 quokkas
  5 rats
172 creatures vanquished.

Notes
Turn   | Place    | Note
--------------------------------------------------------------
     0 | D:1      | azaza322 the Octopode Assassin began the quest for the Orb.
     0 | D:1      | Reached XP level 1. HP: 14/14 MP: 1/1
   161 | D:1      | You fall through a shaft!
   349 | D:1      | Reached XP level 2. HP: 17/19 MP: 2/2
   498 | D:1      | Reached skill level 6 in Stealth
   988 | D:2      | Reached XP level 3. HP: 22/24 MP: 3/3
  1236 | D:2      | Found a snail-covered altar of Cheibriados.
  1644 | D:2      | Reached skill level 7 in Stealth
  1644 | D:2      | Reached XP level 4. HP: 29/29 MP: 4/4
  1909 | D:3      | Noticed juanjsm's ghost (amateur SpEn)
  2210 | D:3      | Killed juanjsm's ghost
  2210 | D:3      | Reached XP level 5. HP: 28/35 MP: 5/5
  2296 | D:3      | Found a basalt altar of Yredelemnul.
  2426 | D:3      | Reached skill level 8 in Stealth
  2526 | D:3      | Found a faded altar to an unknown god.
  2577 | D:3      | Found a blossoming altar of Fedhas.
  2584 | D:3      | Reached XP level 6. HP: 38/41 MP: 6/6
  3191 | D:4      | Found an iron altar of Okawaru.
  3202 | D:4      | Became a worshipper of Warmaster Okawaru
  3538 | D:4      | Noticed Duvessa
  3541 | D:4      | Found a shattered altar of Ashenzari.
  3541 | D:4      | Noticed Dowan
  3602 | D:4      | Reached skill level 9 in Stealth
  3733 | D:4      | Reached skill level 1 in Shields
  3733 | D:4      | Reached XP level 7. HP: 44/46 MP: 7/7
  3755 | D:5      | Entered Level 5 of the Dungeon
  3790 | D:5      | Noticed Sigmund
  3830 | D:5      | Killed Sigmund
  3930 | D:5      | Reached * piety under Okawaru
  4007 | D:5      | Found a staircase to the Ecumenical Temple.
  4100 | D:5      | Reached skill level 10 in Stealth
  4106 | D:5      | Reached XP level 8. HP: 35/52 MP: 6/8
  4154 | D:5      | Found a glowing golden altar of the Shining One.
  4364 | D:5      | Noticed Crazy Yiuf
  4368 | D:5      | Killed Crazy Yiuf
  4532 | D:6      | Reached ** piety under Okawaru
  4569 | D:6      | Reached skill level 5 in Dodging
  4645 | D:6      | Found Norghed's Weapon Emporium.
  4656 | D:6      | Noticed Shenda's ghost (novice MiGl)
  4671 | D:6      | HP: 2/54 [Shenda's ghost (13)]
  4680 | D:6      | Killed Shenda's ghost
  4680 | D:6      | Reached skill level 11 in Stealth
  4680 | D:6      | Reached XP level 9. HP: 20/59 MP: 2/9
  4881 | D:6      | Found a sacrificial altar of Ru.
  5465 | D:7      | Found Riecuy's Armour Emporium.
  5559 | D:7      | Found Uguuca's Assorted Antiques.
  5592 | D:7      | Found Ginn's Antique Armour Shoppe.
  5606 | D:7      | Reached skill level 5 in Short Blades
  5614 | D:7      | Reached *** piety under Okawaru
  5809 | D:7      | Found a deep blue altar of Sif Muna.
  5821 | D:7      | Reached skill level 12 in Stealth
  5824 | D:7      | Identified Sif Muna's Disquisition on Glamour
  6033 | D:8      | You fall through a shaft for 3 floors!
  6070 | D:11     | Found a staircase to the Lair.
  6070 | D:11     | Noticed a fire drake
  6110 | D:11     | Noticed a brown ugly thing
  6123 | D:11     | Noticed a hill giant
  6124 | D:11     | Noticed a hill giant
  6175 | D:11     | Noticed a hill giant
  6191 | D:11     | Reached skill level 5 in Fighting
  6293 | D:11     | Noticed a centaur skeleton
  6300 | D:11     | Killed a centaur skeleton
  6342 | D:10     | Entered Level 10 of the Dungeon
  6510 | D:8      | Found a stormy altar of Qazlal.
  6711 | D:8      | Reached XP level 10. HP: 62/66 MP: 10/10
  6767 | D:8      | Found a burning altar of Makhleb.
  6787 | D:8      | Reached skill level 13 in Stealth
  7004 | D:8      | Reached **** piety under Okawaru
  7206 | D:8      | Slain by a yak

Action                   |  1- 3 |  4- 6 |  7- 9 | 10-12 || total
-------------------------+-------+-------+-------+-------++-------
Melee: Dagger            |    45 |   107 |   197 |    61 ||   410
Evoke: Wand              |       |       |     1 |       ||     1
  Use: Scroll            |       |     9 |       |       ||     9
       Potion            |       |       |     2 |       ||     2
 Stab: Sleeping          |    15 |    15 |    14 |     5 ||    49
       Distracted        |       |       |     2 |       ||     2
  Eat: Chunk             |     2 |     1 |     1 |     1 ||     5
       Bread ration      |       |     2 |     1 |       ||     3
       Fruit             |       |       |     1 |       ||     1
